 Dungeon Crawl Stone Soup version 0.32-a0-673-g3729bd50f8 (webtiles) character file.

Game seed: 18099019634302633476

26 dolemite99 the Apothecary (level 2, -4/19 HPs)
             Began as a Demonspawn Alchemist on Mar 10, 2024.
             Slain by a gnoll
             ... wielding a +2 halberd of protection
              (11 damage)
             ... on level 2 of the Dungeon.
             The game lasted 00:02:11 (2465 turns).

dolemite99 the Apothecary (Demonspawn Alchemist)    Turns: 2465, Time: 00:02:11

Health: -4/19      AC:  2    Str:  8    XL:     2   Next: 89%
Magic:  5/5        EV: 12    Int: 15    God:
Gold:   39         SH:  0    Dex: 13    Spells: 2/5 levels left

rFire   . . .        i - +0 hand axe
rCold   . . .        (no shield)
rNeg    . . .        a - +0 robe
rPois   .            (no helmet)
rElec   .            (no cloak)
rCorr   .            (no gloves)
SInv    .            (no boots)
Will    .....        (no amulet)
Stlth   ++           (no ring)
HPRegen 0.23/turn    (no ring)
MPRegen 0.09/turn

%: no passive effects
@: no status effects
A: demonic touch 1
a: no special abilities


You were on level 2 of the Dungeon.
You visited 1 branch of the dungeon, and saw 2 of its levels.

You collected 39 gold pieces.

Inventory:

Hand Weapons
 d - a +0 mace
 i - a +0 hand axe (weapon)
Armour
 a - a +0 robe (worn)
Jewellery
 e - a ring of protection from fire
Scrolls
 c - a scroll of amnesia {unknown}
 f - a scroll of butterflies {unknown}
 h - a scroll of noise {unknown}
 k - a scroll of identify {unknown}
Potions
 b - a potion of magic
 g - a potion of resistance {unknown}
 j - a potion of invisibility {unknown}


   Skills:
 - Level 1.7 Dodging
 - Level 1.7 Stealth
 - Level 2.0 Spellcasting
 + Level 2.9 Conjurations
 - Level 3.0 Alchemy


You had 2 spell levels left.
You knew the following spells:

 Your Spells              Type           Power      Damage    Failure   Level
a - Sting                 Conj/Alch      40%        1d5       7%          1
b - Mercury Vapours       Alch/Air       12%        N/A       19%         2

Your spell library contained the following spells:

 Spells                   Type           Power      Damage    Failure   Level
 Momentum Strike          Conj/Tloc      10%        3d8       19%         2
 Blink                    Tloc           2%         N/A       32%         2
 Lesser Beckoning         Tloc           2%         N/A       32%         2
 Mephitic Cloud           Conj/Alch/Air  7%         N/A       30%         3
 Olgreb's Toxic Radiance  Alch           10%        N/A       54%         4
 Sticky Flame             Fire/Alch      6%         2d4       75%         4


Dungeon Overview and Level Annotations

Branches:
Dungeon (2/15)

Altars:

Annotations:
D:1 exclusion: downstairs


Innate Abilities, Weirdness & Mutations

Your touch may inflict minor irresistible damage on your foes.


Message History

Aiming: Sting (safe; 7% risk of failure)
Press: ? - help, Shift-Dir - straight line, f/p - kobold
Aim: a kobold, wielding a +0 club (poisoned, 64% to hit)
The sting misses the kobold.
The kobold hits you with a +0 club.
Casting: Sting (safe; 7% risk of failure)
Confirm with . or Enter, or press ? or * to list all spells.
Aiming: Sting (safe; 7% risk of failure)
Press: ? - help, Shift-Dir - straight line, f/p - kobold
Aim: a kobold, wielding a +0 club (poisoned, 64% to hit)
The sting hits the kobold.
The kobold looks even sicker.
You kill the kobold!
Casting: Sting (safe; 7% risk of failure)
Confirm with . or Enter, or press ? or * to list all spells.
You can't see any susceptible monsters within range! (Use Z to cast anyway.)
Casting: Sting (safe; 7% risk of failure)
Confirm with . or Enter, or press ? or * to list all spells.
You can't see any susceptible monsters within range! (Use Z to cast anyway.)
You start resting.
HP restored.
You start resting.
Magic restored.
You start waiting.
Done waiting.
You start waiting.
Done waiting.
Unknown command.
You start waiting.
Done waiting.
You climb downwards.
A gnoll comes into view. It is wielding a +1 vampiric spear.
The gnoll closely misses you.
A jackal comes into view.
The gnoll hits you from afar with a +2 halberd of protection!
The gnoll barely misses you.
There is a stone staircase leading up, spattered with blood here.
The gnoll shouts!
You hear a bark!
The gnoll hits you with a +0 flail.
The gnoll hits you from afar with a +2 halberd of protection!
Ouch! That really hurt!
You die...

. ## .. #.
... #.
.g..
.###.....
.
#....w...
#.##
#@g......
....
#..g.....
....
.........
...l
##......h.
....
.........
....
...#.#...
....
.......##
....
.....#...
.... ....


You could see a ribbon worm, 3 gnolls and a jackal (wandering).

Vanquished Creatures
  A dart slug (D:1)
  4 ball pythons (D:1)
  2 bats (D:1)
  3 endoplasms (D:1)
  A giant cockroach (D:1)
  2 hobgoblins
  3 kobolds (D:1)
  A quokka (D:1)
  2 frilled lizards (D:1)
  4 rats (D:1)
23 creatures vanquished.

Notes
Turn   | Place    | Note
-------+----------+-------------------------------------------
     0 | D:1      | dolemite99 the Demonspawn Alchemist began the quest for the
                  | Orb.
     0 | D:1      | Reached XP level 1. HP: 13/13 MP: 3/3
   586 | D:1      | Gained mutation: Your touch may inflict minor irresistible
                  | damage on your foes. [demonic ancestry]
   586 | D:1      | Reached XP level 2. HP: 19/19 MP: 1/5
  1688 | D:1      | Learned a level 2 spell: Mercury Vapours
  2465 | D:2      | Slain by a gnoll

Illustrated notes

Levels and vault maps discovered:
D:1:      dpeg_arrival_arbitrary_c, layout_basic
D:2:      layout_rooms, kennysheep_another_room, minivault_14,
          kennysheep_generic_room_5

Skill      XL: |  1 |
---------------+----+-----
Conjurations   | 2 |  2.9
Dodging        | |  1.7
Stealth        | |  1.7
Spellcasting   | |  2.0
Alchemy        | |  3.0

Action                     || total
---------------------------++-------
  Melee: Hand axe          ||     1
         Unarmed           ||     1
   Cast: Sting             ||    41
 Armour: Robe              ||     9
  Dodge: Dodged            ||    15

Table legend: (Time is in decaauts)
 A = Elapsed time spent in this place.
 B = Non-inter-level travel time spent in this place.
 C = Inter-level travel time spent in this place.
 D = Time resting spent in this place.
 E = Time spent auto-exploring this place.
 F = Levels seen in this place.
 G = Mean time per level.
                   A        B        C        D        E       F      G
               +--------+--------+--------+--------+--------+-----+--------+
         Total |   2465 |   2395 |     70 |   1747 |    426 |   2 | 1232.5 |
       Dungeon |   2465 |   2395 |     70 |   1747 |    426 |   2 | 1232.5 |
               +--------+--------+--------+--------+--------+-----+--------+

Top non-repeatable levels by time:
     D:1: 2457 daAuts
     D:2: 8 daAuts
